 Dungeon Crawl Stone Soup version 0.32-a0-868-g153ae1a8d6 (webtiles) character file.

Game seed: 18184029740088307837

26 Ruich the Grave Robber (level 3, -3/31 HPs)
             Began as a Gnoll Wanderer on Mar 28, 2024.
             Slain by a sleepcap (21 damage)
             ... on level 4 of the Dungeon.
             The game lasted 00:04:21 (815 turns).

Ruich the Grave Robber (Gnoll Wanderer)              Turns: 815, Time: 00:04:22

Health: -3/31      AC:  4    Str:  9    XL:     3   Next: 8%
Magic:  7/7        EV:  2    Int: 11    God:
Gold:   52         SH:  0    Dex: 15    Spells: 6/7 levels left

rFire   . . .        n - +0 dagger
rCold   . . .        (no shield)
rNeg    . . .        o - +0 leather armour
rPois   .            (no helmet)
rElec   .            b - +0 cloak
rCorr   .            (no gloves)
SInv    +            (no boots)
Will    .....        (no amulet)
Stlth   +            l - ring of see invisible
HPRegen 0.25/turn    (no ring)
MPRegen 0.10/turn

%: no passive effects
@: sleeping
A: fangs 1, strong nose, distributed training
a: no special abilities


You were on level 4 of the Dungeon.
You visited 1 branch of the dungeon, and saw 3 of its levels.

You collected 52 gold pieces.


Innate Abilities, Weirdness & Mutations

You have very sharp teeth.
Your uncanny sense of smell can sniff out nearby items.
Your experience applies equally to all skills.


   Skills:
 + Level 4.5 Fighting
 + Level 2.5 Short Blades
 + Level 0.6 Long Blades
 + Level 0.6 Axes
 + Level 0.6 Maces & Flails
 + Level 0.6 Polearms
 + Level 0.6 Staves
 + Level 0.6 Ranged Weapons
 + Level 0.6 Throwing
 + Level 2.5 Armour
 + Level 4.5 Dodging
 + Level 0.6 Stealth
 + Level 0.6 Shields
 + Level 0.6 Unarmed Combat
 + Level 2.8 Spellcasting
 + Level 0.4 Conjurations
 + Level 0.4 Hexes
 + Level 0.4 Summonings
 + Level 5.4 Necromancy
 + Level 0.4 Translocations
 + Level 0.4 Fire Magic
 + Level 0.4 Ice Magic
 + Level 0.4 Air Magic
 + Level 0.4 Earth Magic
 + Level 0.4 Alchemy
 + Level 0.8 Invocations
 + Level 0.6 Evocations
 + Level 0.5 Shapeshifting


You had 6 spell levels left.
You knew the following spells:

 Your Spells              Type           Power      Damage    Failure   Level
n - Necrotise             Necr           52%        1d6       4%          1

Your spell library contained the following spells:

 Spells                   Type           Power      Damage    Failure   Level
 Sublimation of Blood     Necr           13%        N/A       6%          2
 Cigotuvi's Dreadful Rot  Necr/Alch/Air  12%        N/A       24%         2
 Dazzling Flash           Conj/Hex       4%         N/A       65%         3
 Starburst                Conj/Fire      1%         6d3       100%        6
 Maxwell's Capacitive Co  Air            1%         ∞         100%        8

Inventory:

Hand Weapons
 a - a +0 short sword
 e - a +0 trident
 f - a +0 whip
 n - a +0 dagger (weapon)
Missiles
 m - 2 boomerangs
Armour
 b - a +0 cloak (worn)
 d - a +0 robe
 o - a +0 leather armour (worn)
Jewellery
 l - a ring of see invisible (left hand)
Scrolls
 g - a scroll of teleportation {unknown}
 h - a scroll of brand weapon {unknown}
 j - a scroll of identify {unknown}
 p - a scroll of blinking {unknown}
Potions
 c - a potion of berserk rage {!q}
 i - a potion of curing {unknown}
 k - a potion of mutation {unknown}
 q - a potion of enlightenment {unknown}

Dungeon Overview and Level Annotations

Branches:
Dungeon (4/15) Zot: 17183
 Temple: D:4-7

Altars:
Vehumet

## .( #. #.
#.####f#################
#.[....@................
#....$.........#########
#.##.#.####........#
#.... #..#.###.# #....
#....# ##....####.#..#
........##.#..###
.........>.......#
............#..#.#


You could see a sleepcap.


Message History

The ball python hisses angrily.
You see here a book of Spectacle.
Unknown command.
You pick up a book of Spectacle and begin reading...
You add the spells Dazzling Flash, Starburst and Maxwell's Capacitive Coupling to your library.
You closely miss the ball python. The ball python bites you.
The ball python misses you.
You hit the ball python.
You kill the ball python!
Okay, then.
There is a stone staircase leading down here.
p - a scroll labelled WIPOM SUELICE
q - a murky coppery potion
Found 13 gold pieces.
Found a plate armour.
A sleepcap comes into view.
Found 4 stones.
You hit the sleepcap but do no damage.
The sleepcap releases spores at you but does no damage.
You hit the sleepcap but do no damage.
You bite the sleepcap, but do no damage.
The sleepcap releases spores at you.
You hit the sleepcap but do no damage. The sleepcap closely misses you.
You hit the sleepcap but do no damage. The sleepcap releases spores at you.
You hit the sleepcap but do no damage. The sleepcap releases spores at you!
You are engulfed in a cloud of soporific spores!
You fall asleep.
The sleepcap releases spores at you!!
Ouch! That really hurt!
You die...

Action                     || total
---------------------------++-------
  Melee: Whip              ||    50
         Trident           ||    10
         Bite              ||    13
         Dagger            ||    37
   Stab: Sleeping          ||     2
 Armour: Robe              ||    30
         Leather armour    ||    14
  Dodge: Dodged            ||    60

Levels and vault maps discovered:
D:1:      dpeg_arrival_stone_temple_mockup, layout_rooms
D:2:      layout_loops_corners, nicolae_ecumenical_snake_handling, basic_altar,
          serial_bayou_pond_a, moated_statue, minmay_misc_feat_enclosed,
          eino_tiny_chamber, minmay_liquid_box
D:4:      layout_loops_ring, tso_oasis_becter, minmay_small_thing

Notes
Turn   | Place    | Note
-------+----------+-------------------------------------------
     0 | D:1      | Ruich the Gnoll Wanderer began the quest for the Orb.
     0 | D:1      | Ruich set off with the following items: a +0 short sword, a
                  | +0 cloak, a potion of berserk rage {!q}, a +0 robe; and the
                  | following spell memorised: Necrotise; and the following
                  | spells available to memorise: Sublimation of Blood,
                  | Cigotuvi's Dreadful Rot.
     0 | D:1      | Reached XP level 1. HP: 20/20 MP: 4/4
   137 | D:1      | Reached XP level 2. HP: 15/26 MP: 5/5
   584 | D:2      | Found a radiant altar of Vehumet.
   743 | D:2      | Reached XP level 3. HP: 25/31 MP: 7/7
   769 | D:2      | You fall into a shaft and drop 2 floors!
   815 | D:4      | Slain by a sleepcap

Vanquished Creatures
  A ribbon worm (D:2)
  A dart slug (D:1)
  2 endoplasms (D:1)
  A goblin (D:1)
  2 hobgoblins (D:1)
  3 kobolds (D:1)
  3 quokkas (D:1)
  2 ball pythons
  3 bats
  2 rats (D:1)
20 creatures vanquished.

Table legend: (Time is in decaauts)
 A = Elapsed time spent in this place.
 B = Non-inter-level travel time spent in this place.
 C = Inter-level travel time spent in this place.
 D = Time resting spent in this place.
 E = Time spent auto-exploring this place.
 F = Levels seen in this place.
 G = Mean time per level.
                   A        B        C        D        E       F      G
               +--------+--------+--------+--------+--------+-----+--------+
         Total |    815 |    712 |    103 |      3 |    470 |   3 |  271.7 |
       Dungeon |    815 |    712 |    103 |      3 |    470 |   3 |  271.7 |
               +--------+--------+--------+--------+--------+-----+--------+

Top non-repeatable levels by time:
     D:1: 620 daAuts
     D:2: 150 daAuts
     D:4: 44 daAuts

Table legend:
 A = Non-vault XP
 B = Vault XP
 C = Vault XP percentage of total XP
 D = Non-vault monster count
 E = Vault monster count
 F = Vault count percentage of total count
                 A         B        C        D         E       F
            +---------+---------+-------+---------+---------+-------
      Total |      38 |       0 |   0.0 |      20 |       0 |   0.0
            +---------+---------+-------+---------+---------+-------
        D:1 |      29 |       0 |   0.0 |      16 |       0 |   0.0
        D:2 |       8 |       0 |   0.0 |       3 |       0 |   0.0
        D:4 |       1 |       0 |   0.0 |       1 |       0 |   0.0
            +---------+---------+-------+---------+---------+-------
